 Dungeon Sprint DCSS version 0.32-a0-516-g94ed278cf8 (webtiles) character file.

Game seed: 5020871081234647961

34503 Revguard the Fetichist (level 13, -1/180 HPs)
             Began as a Coglin Berserker on Feb 27, 2024.
             Was a High Priest of Trog.
             Succumbed to a green draconian's poison
             ... in the Dungeon (Sprint V: "Ziggurat Sprint").
             The game lasted 00:16:09 (1280 turns).

Revguard the Fetichist (Coglin Berserker)           Turns: 1280, Time: 00:16:10

Health: -1/180     AC: 38    Str: 23    XL:     13   Next: 77%
Magic:  13/13      EV: 13    Int: 11    God:    Trog [*****.]
Gold:   0          SH:  0    Dex: 13    Spells: 12/12 levels left

rFire   + + .        z - +8 demon blade "Leech" {evervamp, Harm ^Drain rN+}
rCold   + . .        r - +16 obsidian axe {drain, demonic, Mesm ^Drain Fly SInv}
rNeg    + . .        s - +15 Maxwell's patent armour {-Cast -Tele rElec Will+ rCorr}
rPois   +            (no helmet)
rElec   +            x - +1 cloak {rPois}
rCorr   +            w - +0 pair of gloves {Stlth+}
SInv    +            A - +0 pair of boots {Stlth+}
Will    +++..        d - amulet "Wytore Xagha" {RegenMP rF+ Int+4} Stlth
                     (ring unavailable)
HPRegen 1.50/turn    (ring unavailable)
MPRegen 0.53/turn

%: no teleportation, no spellcasting, harm (+30% outgoing, +20% incoming)
@: berserking, lethally poisoned (-1 -> -14), strong-willed, flying, mesmerised,
regenerating, slowed, studying Short Blades, revving
A: cold resistance 1, fire resistance 1, off-hand wielding, slow wielding,
warmup strikes, no rings
a: Renounce Religion, Berserk, Trog's Hand, Brothers in Arms


You were in the Dungeon.
You worshipped Trog.
Trog was extremely pleased with you.
You visited 1 branch

Inventory:

Hand Weapons
 b - a +2 heavy war axe {Jubei}
 r - the +16 obsidian axe (offhand) {drain, demonic, Mesm ^Drain Fly SInv}
   (You found it in the Dungeon)

   Mesm:      Its wielder is mesmerised by any visible foes, and it cannot be
   unequipped while any foes are visible.
   SInv:      It lets you see invisible.
   Fly:       It grants you flight.
   ^Drain:    It drains your maximum health when unequipped.
 t - a +5 heavy broad axe {Urai}
 y - the +5 broad axe "Ynoguext" {venom, rElec Int+2}
   (You found it in the Dungeon)

   Int+2:     It affects your intelligence (+2).
   rElec:     It insulates you from electricity.
 z - the +8 demon blade "Leech" (weapon) {evervamp, Harm ^Drain rN+}
   (You found it in the Dungeon)

   rN+:       It protects you from negative energy.
   ^Drain:    It drains your maximum health when unequipped.
   Harm:      It increases damage dealt and taken.
Armour
 s - the +15 Maxwell's patent armour (worn) {-Cast -Tele rElec Will+ rCorr}
   (You found it in the Dungeon)

   rElec:     It insulates you from electricity.
   Will+:     It increases your willpower.
   -Cast:     It prevents spellcasting.
   -Tele:     It prevents most forms of teleportation.
   rCorr:     It protects you from acid and corrosion.
 w - a +0 pair of gloves of stealth (worn)
 x - a +1 cloak of poison resistance (worn)
 A - a +0 pair of boots of stealth (worn)
Jewellery
 d - the amulet "Wytore Xagha" (around neck) {RegenMP rF+ Int+4}
   (You found it in the Dungeon)

   [amulet of magic regeneration]

   RegenMP:   It increases your rate of magic regeneration.
   Int+4:     It affects your intelligence (+4).
   rF+:       It protects you from fire.
Wands
 a - a wand of charming (18)
 k - a wand of roots (14)
 p - a wand of mindburst (27)
 q - a wand of quicksilver (6)
 u - a wand of flame (31)
 v - a wand of digging (1)
Scrolls
 h - 4 scrolls of blinking
 m - 7 scrolls of fog
 n - 5 scrolls of identify
 o - 2 scrolls of fear
Potions
 c - 8 potions of curing
 e - 6 potions of haste
 f - 7 potions of magic
 g - 3 potions of berserk rage
 i - a potion of invisibility
 j - 3 potions of resistance
 l - 5 potions of might


   Skills:
 + Level 17.0 Fighting
 + Level 3.9 Short Blades
 + Level 16.7(16.8) Axes
 - Level 2.6(10.4) Polearms
 + Level 15.3 Armour
 + Level 15.3 Dodging
 + Level 20.9 Evocations


You had 12 spell levels left.
You didn't know any spells.
Your spell library was empty.

Dungeon Overview and Level Annotations

Branches:
Dungeon (1/1)

Altars:
Ashenzari
Cheibriados
Dithmenos
Elyvilon
Fedhas
Gozag
Hepliaklqana
Kikubaaqudgha
Makhleb
Nemelex Xobeh
Okawaru
Qazlal
Ru
Sif Muna
Trog
Uskayaw
Vehumet
Wu Jian
Xom
Yredelemnul
Zin
The Shining One
Beogh
Jiyva
Lugonu


Innate Abilities, Weirdness & Mutations

Your flesh is cold resistant. (rC+)
Your flesh is heat resistant. (rF+)
You can wield a second weapon in your off-hand.
It takes a long time for you to wield or remove held weapons.
Your first few attacks do less damage.
Your grasper-arms cannot wear rings.


Message History

You closely miss the storm dragon with the +8 demon blade "Leech".
The storm dragon is heavily wounded.
You slice the storm dragon with the +16 obsidian axe!!
You open a gate to Pandemonium!
A demon appears!
It doesn't seem very happy.
You slash the white draconian with the +16 obsidian axe!
You drain the white draconian.
You closely miss the green draconian with the +16 obsidian axe.
You barely miss the green draconian with the +16 obsidian axe.
You barely miss the Orb Guardian with the +16 obsidian axe.
Visions of slaying the green draconian flood into your mind.
* * * LOW HITPOINT WARNING * * *
You feel extremely sick. The Orb Guardian closely misses you.
The storm dragon bites you but does no damage.
The storm dragon barely misses you.
The storm dragon tramples you but does no damage.
The red draconian closely misses you.
The purple draconian hits you from afar with a +0 halberd!
* * * LOW HITPOINT WARNING * * *
The green draconian closely misses you.
The green draconian tail-slaps you but does no damage.
The red draconian hits you but does no damage.
The green draconian hits you but does no damage.
The green draconian tail-slaps you but does no damage.
The white draconian misses you.
You closely miss the storm dragon with the +16 obsidian axe.
The storm dragon is almost dead.
You slash the white draconian with the +16 obsidian axe!
You drain the white draconian.
You hit the green draconian but do no damage.
You drain the green draconian.
You slice the moth of wrath with the +16 obsidian axe!!
You hit the green draconian with the +16 obsidian axe.
You drain the green draconian.
You miss the Orb Guardian with the +16 obsidian axe.
You slash the storm dragon with the +8 demon blade "Leech"!
You feel better.
Visions of slaying the Orb Guardian flood into your mind.
You die...

▓....ß©ß..
▓..}))}}|)|...▓...|=:|=:
▓...|[!/|/|...▓...)))[)|
▓.............▓.........
▓.............▓.........
▓.....)X......▓.........
▓....ddDd3....▓.........
▓.....ddX.....▓..▓...).▓
▓..d@Dd.▓ ▓.▓▓▓..)▓▓ ▓
▓▓.y°..▓▓ ▓..▓..)..▓
▓..▓.......▓..▓.....©...
▓........§....▓▓▓▓▓▓▓▓▓▓
▓......©......▓....ß©ß..
▓▓▓▓▓▓▓▓▓▓▓▓▓▓▓...:.))||
▓....|)[.= ▓.........
▓.........


You could see 2 storm dragons, 3 draconians, a purple draconian, 2 draconians, a
white draconian (catching breath, drained), 2 Orb Guardians, a soul eater
(summoned) and a moth of wrath.

Vanquished Creatures
  An ancient lich (D)
  A pearl dragon (D)
  2 liches (D)
  A quicksilver dragon (D)
  A death cob (D)
  A daeva (D)
  A fire giant (D)
  An angel (D)
  A vampire knight (D)
  2 wendigos (D)
  A white draconian (D)
  A yaktaur captain (D)
  A centaur warrior (D)
  3 salamander tyrants (D)
  A stoker (D)
  2 dancing weapons (D)
  2 hell hogs (D)
  A skeletal warrior (D)
  A deep elf archer (D)
  A necromancer (D)
  A deep elf pyromancer (D)
  4 tormentors (D)
  A yaktaur (D)
  2 tarantellas (D)
  2 jumping spiders (D)
  2 spriggans (D)
  An ushabti (D)
  2 black bears (D)
  2 orc warriors (D)
  A laughing skull (D)
  A centaur (D)
  2 earth elementals (D)
  2 scorpions (D)
  4 orc priests (D)
  An iron imp (D)
  2 orc wizards (D)
  2 mummies (D)
  2 adders (D)
  2 ufetubi (D)
  An adder zombie (D)
  An adder skeleton (D)
  3 adder simulacra (D)
  2 orcs (D)
  A bat zombie (D)
  A ball python simulacrum (D)
  2 ball python zombies (D)
  2 quokka simulacra (D)
75 creatures vanquished.

Vanquished Creatures (collateral kills)
  A frost giant (D)
  2 narguns (D)
  A ghoul (D)
  An ophan (D)
  A wendigo (D)
  A mummy priest (D)
  A dancing weapon (D)
  A hell hog (D)
  2 deep elf pyromancers (D)
  A tormentor (D)
  A freezing wraith (D)
  A jumping spider (D)
  An ushabti (D)
  An orc warrior (D)
  A scorpion (D)
  A wight (D)
  An adder skeleton (D)
  2 adder simulacra (D)
  A bat skeleton (D)
  A ball python simulacrum (D)
  A bat simulacrum (D)
24 creatures vanquished.

Vanquished Creatures (others)
  A yaktaur captain (D)
  A yaktaur (D)
  2 adder simulacra (D)
  3 bat simulacra (D)
  A quokka simulacrum (D)
  A quokka skeleton (D)
9 creatures vanquished.

Grand Total: 108 creatures vanquished

Notes
Turn   | Place    | Note
-------+----------+-------------------------------------------
     0 | D        | Revguard the Coglin Berserker began the quest for the Orb.
     0 | D        | Reached XP level 1. HP: 18/18 MP: 1/1
     0 | D        | Found a shimmering blue altar of Sif Muna.
     0 | D        | Found a sacrificial altar of Ru.
     0 | D        | Found a bloodstained altar of Trog.
     0 | D        | Found a stormy altar of Qazlal.
     0 | D        | Found an iron altar of Okawaru.
     0 | D        | Found a sparkling altar of Nemelex Xobeh.
     0 | D        | Found a blossoming altar of Fedhas.
     0 | D        | Found the +6 Majin-Bo {spellvamp, MP+6 Int+6}
     0 | D        | Found the +27 heavy crossbow "Sniper" {heavy, Acc+∞ SInv}
     0 | D        | Found the +10 dark maul {heavy}
     0 | D        | Found the +15 Maxwell's patent armour {-Cast -Tele rElec
                  | Will+ rCorr}
     0 | D        | Found the +18 shield of the Gong {Loud rN+ Will+ rCorr
                  | EV-5}
     0 | D        | Found the +16 obsidian axe {drain, demonic, Mesm ^Drain Fly
                  | SInv}
     0 | D        | Found the +7 great mace "Firestarter" {flame, immolate,
                  | rFlCloud rF++}
     0 | D        | Found the +6 shillelagh "Devastator" {shatter}
     0 | D        | Found the +11 plutonium sword {^Contam Stlth-}
     0 | D        | Found the +8 lance "Wyrmbane" {slay drac, rPois rF+ rC+
                  | AC+3}
     0 | D        | Found the +9 sword of Zonguldrok {reap}
     0 | D        | Found the +13 scythe of Curses {drain, curses, ^Drain}
     0 | D        | Found the +9 sword of Power {lifebolt}
     0 | D        | Found the +7 mace of Variability {chaos, chaos arc}
     0 | D        | Found the +11 Singing Sword {sonic wave}
     0 | D        | Found the +8 storm bow {elec, penet}
     0 | D        | Banished a spatial maelstrom
     2 | D        | Found a transporter.
     2 | D        | Found an ancient bone altar of Kikubaaqudgha.
     2 | D        | Found a viscous altar of Jiyva.
     2 | D        | Found a corrupted altar of Lugonu.
     2 | D        | Found a hazy altar of Hepliaklqana.
     2 | D        | Found a burning altar of Makhleb.
     2 | D        | Found an opulent altar of Gozag.
    50 | D        | Reached skill level 3 in Evocations
    50 | D        | Reached XP level 2. HP: 26/26 MP: 2/2
    62 | D        | Entered arena 2.
    62 | D        | Found a transporter.
    64 | D        | Reached skill level 5 in Fighting
    65 | D        | Reached XP level 3. HP: 28/33 MP: 3/3
   103 | D        | Entered arena 3.
   103 | D        | Found a transporter.
   105 | D        | Reached ** piety under Trog
   106 | D        | Reached skill level 4 in Evocations
   109 | D        | Reached XP level 4. HP: 39/39 MP: 4/4
   115 | D        | Entered arena 4.
   115 | D        | Noticed a spriggan
   115 | D        | Noticed a black bear
   115 | D        | Noticed a black bear
   115 | D        | Noticed a spriggan
   115 | D        | Found a transporter.
   120 | D        | Killed a black bear
   120 | D        | Killed a spriggan
   121 | D        | Reached skill level 5 in Armour
   121 | D        | Reached skill level 5 in Dodging
   121 | D        | Reached skill level 7 in Evocations
   121 | D        | Reached XP level 5. HP: 48/48 MP: 5/5
   121 | D        | Reached XP level 6. HP: 55/55 MP: 6/6
   121 | D        | Killed a black bear
   121 | D        | Reached *** piety under Trog
   122 | D        | Reached skill level 8 in Evocations
   122 | D        | Killed a spriggan
   123 | D        | Reached XP level 7. HP: 61/61 MP: 7/7
   134 | D        | Entered arena 5.
   134 | D        | Found a transporter.
   137 | D        | Reached **** piety under Trog
   140 | D        | Reached skill level 9 in Evocations
   220 | D        | Entered arena 6.
   220 | D        | Found a transporter.
   224 | D        | Reached ***** piety under Trog
   235 | D        | Entered arena 7.
   235 | D        | Noticed a yaktaur captain
   235 | D        | Noticed a yaktaur
   235 | D        | Noticed a yaktaur
   235 | D        | Noticed a centaur warrior
   235 | D        | Noticed a yaktaur captain
   242 | D        | Found a transporter.
   244 | D        | Received a gift from Trog
   245 | D        | Killed a yaktaur
   246 | D        | Reached XP level 8. HP: 56/69 MP: 8/8
   247 | D        | Killed a centaur warrior
   247 | D        | Killed a yaktaur captain
   248 | D        | Reached skill level 11 in Evocations
   248 | D        | Reached XP level 9. HP: 67/78 MP: 9/9
   249 | D        | Killed a yaktaur captain
   250 | D        | Reached skill level 10 in Fighting
   250 | D        | Reached skill level 10 in Axes
   250 | D        | Reached skill level 12 in Evocations
   252 | D        | Killed a yaktaur
   317 | D        | Entered arena 8.
   317 | D        | Noticed a mummy priest
   317 | D        | Noticed a lich
   322 | D        | Found a transporter.
   325 | D        | Noticed a sun demon
   325 | D        | Noticed an orange demon
   325 | D        | Killed a mummy priest
   326 | D        | Reached skill level 13 in Evocations
   326 | D        | Reached XP level 10. HP: 60/87 MP: 10/10
   329 | D        | Killed a lich
   330 | D        | Reached skill level 10 in Armour
   330 | D        | Reached skill level 10 in Dodging
   330 | D        | Reached skill level 14 in Evocations
   480 | D        | Entered arena 9.
   481 | D        | Found a transporter.
   485 | D        | Received a gift from Trog
   497 | D        | Entered arena 10.
   497 | D        | Found the +7 captain's cutlass {speed, disarm}
   498 | D        | Found a transporter.
   502 | D        | Identified the +3 broad axe "Daceeh" {flame, Dex+3} (Trog
                  | gifted it to you in the Dungeon)
   502 | D        | Received a gift from Trog
   506 | D        | Reached ****** piety under Trog
   507 | D        | Reached XP level 11. HP: 72/96 MP: 11/11
   577 | D        | Entered arena 11.
   577 | D        | Noticed a +2 dire flail of draining
   577 | D        | Noticed a deep elf pyromancer
   577 | D        | Noticed a deep elf archer
   577 | D        | Noticed a deep elf pyromancer
   577 | D        | Noticed a deep elf pyromancer
   577 | D        | Noticed a +0 heavy war axe
   577 | D        | Noticed a +2 war axe of flaming
   581 | D        | Killed a +2 war axe of flaming
   582 | D        | Reached skill level 15 in Evocations
   582 | D        | Killed a +2 dire flail of draining
   583 | D        | Killed a deep elf pyromancer
   583 | D        | Received a gift from Trog
   585 | D        | Killed a deep elf pyromancer
   585 | D        | Killed a deep elf pyromancer
   586 | D        | Killed a +0 heavy war axe
   586 | D        | Killed a deep elf archer
   587 | D        | Reached skill level 16 in Evocations
   587 | D        | Found a transporter.
   612 | D        | Entered arena 12.
   612 | D        | Noticed a stoker
   612 | D        | Noticed a salamander tyrant
   612 | D        | Noticed a salamander tyrant
   612 | D        | Noticed a hell hog
   612 | D        | Noticed a salamander tyrant
   612 | D        | Noticed a fire giant
   613 | D        | Noticed a hell hog
   613 | D        | Noticed a hell hog
   615 | D        | Killed a salamander tyrant
   616 | D        | Killed a hell hog
   617 | D        | Killed a salamander tyrant
   617 | D        | Identified the +13 hand axe of Ifoilaf {flame, Will+ Str+3}
                  | (Trog gifted it to you in the Dungeon)
   617 | D        | Received a gift from Trog
   618 | D        | Killed a salamander tyrant
   619 | D        | Killed a fire giant
   619 | D        | Killed a stoker
   620 | D        | Reached skill level 17 in Evocations
   620 | D        | Reached XP level 12. HP: 44/107 MP: 12/12
   620 | D        | Killed a hell hog
   620 | D        | Killed a hell hog
   620 | D        | Received a gift from Trog
   621 | D        | Found a transporter.
   728 | D        | Entered arena 13.
   728 | D        | Noticed a lich
   728 | D        | Noticed a vampire knight
   728 | D        | Noticed a ghoul
   728 | D        | Noticed an ancient lich
   735 | D        | Killed a vampire knight
   736 | D        | Killed a ghoul
   739 | D        | Killed a lich
   739 | D        | Received a gift from Trog
   740 | D        | Reached skill level 18 in Evocations
   742 | D        | Found a transporter.
   747 | D        | Killed an ancient lich
   748 | D        | Reached skill level 15 in Fighting
   748 | D        | Reached skill level 15 in Axes
   749 | D        | Received a gift from Trog
   750 | D        | Reached skill level 19 in Evocations
   769 | D        | Got the +5 broad axe "Ynoguext" {venom, rElec Int+2}
   852 | D        | Entered arena 14.
   855 | D        | Noticed a wendigo
   856 | D        | Paralysed by a wendigo for 1 turns
   858 | D        | Paralysed by a wendigo for 1 turns
   862 | D        | Received a gift from Trog
   866 | D        | Killed a wendigo
   867 | D        | Gained mutation: Your flesh is cold resistant. (rC+)
                  | [Coglin growth]
   867 | D        | Gained mutation: Your flesh is heat resistant. (rF+)
                  | [Coglin growth]
   867 | D        | Reached XP level 13. HP: 17/116 MP: 13/13
   870 | D        | Found a transporter.
   883 | D        | Got the amulet "Wytore Xagha" {RegenMP rF+ Int+4}
  1048 | D        | Entered arena 15.
  1051 | D        | Noticed an ophan
  1051 | D        | Noticed an angel
  1053 | D        | Noticed a daeva
  1053 | D        | Noticed a pearl dragon
  1054 | D        | Found a transporter.
  1057 | D        | Killed an ophan
  1058 | D        | Killed an angel
  1062 | D        | Killed a pearl dragon
  1064 | D        | Killed a daeva
  1112 | D        | Entered arena 16.
  1113 | D        | Noticed a nargun
  1113 | D        | Noticed a wendigo
  1113 | D        | Noticed a nargun
  1113 | D        | Noticed a wendigo
  1113 | D        | Found the +7 hand cannon "Mule" {flame, backblast, rF+}
  1113 | D        | Found the +8 demon blade "Leech" {evervamp, Harm ^Drain
                  | rN+}
  1113 | D        | Noticed a frost giant
  1114 | D        | Paralysed by a wendigo for 1 turns
  1117 | D        | Received a gift from Trog
  1118 | D        | Killed a nargun
  1119 | D        | Reached skill level 20 in Evocations
  1119 | D        | Killed a nargun
  1121 | D        | Killed a wendigo
  1124 | D        | Killed a wendigo
  1125 | D        | Reached skill level 15 in Armour
  1125 | D        | Reached skill level 15 in Dodging
  1125 | D        | Killed a frost giant
  1125 | D        | Received a gift from Trog
  1126 | D        | Found a transporter.
  1269 | D        | Entered arena 17.
  1272 | D        | Noticed a white draconian
  1272 | D        | Noticed a red draconian
  1272 | D        | Noticed a death cob
  1272 | D        | Noticed a quicksilver dragon
  1272 | D        | Noticed a storm dragon
  1272 | D        | Noticed a green draconian
  1272 | D        | Noticed a purple draconian
  1272 | D        | Noticed a red draconian
  1272 | D        | Noticed a storm dragon
  1273 | D        | Noticed an Orb Guardian
  1273 | D        | Noticed an Orb Guardian
  1273 | D        | Noticed a green draconian
  1274 | D        | Noticed a green draconian
  1274 | D        | Noticed a white draconian
  1276 | D        | Killed a white draconian
  1277 | D        | Reached skill level 1 in Short Blades
  1278 | D        | Killed a quicksilver dragon
  1278 | D        | Killed a death cob
  1279 | D        | HP: 1/180 [purple draconian/+0 halberd (12)]
  1280 | D        | Succumbed to a green draconian's poison

Illustrated notes

Levels and vault maps discovered:
D:        sprint_v [room_start, room_1, room_2, room_3, room_4, room_5, room_6,
          room_7, room_8, room_9, room_10, room_11, room_12, room_13, room_14,
          room_15, room_16, room_17, room_18, room_19, room_20, room_21,
          room_22, room_23, room_24, room_25, room_26, room_27]

Skill      XL: |  1  2  3  4  5  6  7  8  9 10 11 12 13 |
---------------+----------------------------------------+-----
Fighting       | 4 5 7 8 9 11 12 14 15 17 | 17.0
Axes           | 3 4 6 7 8 9 10 11 13 15 16 | 16.7
Armour         | 3 5 6 7 8 9 10 12 14 15 | 15.3
Dodging        | 3 5 6 7 8 9 10 12 14 15 | 15.3
Evocations     | 3 4 7 8 9 11 13 14 17 19 20 | 20.9
Short Blades   | 3 |  3.9
Polearms       | |  2.6

Action                     |  1- 3 |  4- 6 |  7- 9 | 10-12 | 13-15 || total
---------------------------+-------+-------+-------+-------+-------++-------
  Melee: Broad axe         |     9 |     7 |    20 |    40 |    22 ||    98
         War axe           |       |       |     2 |    38 |     7 ||    47
         Demon blade       |       |       |       |       |     3 ||     3
 Invoke: Trog's Hand       |       |     1 |     2 |     4 |     3 ||    10
         Berserk           |       |     1 |       |     2 |     2 ||     5
         Brothers in Arms  |       |       |     1 |     3 |     6 ||    10
  Evoke: Wand              |       |       |     1 |     5 |     3 ||     9
    Use: Potion            |     1 |       |     4 |     9 |     1 ||    15
         Scroll            |       |       |     1 |       |     1 ||     2
   Stab: Invisible         |       |       |     1 |       |       ||     1
         Distracted        |       |       |       |       |     1 ||     1
 Armour: Plate armour      |     2 |    17 |    29 |    52 |    51 ||   151
  Dodge: Dodged            |     1 |     2 |    12 |    20 |    26 ||    61
         Repelled          |       |       |       |     3 |       ||     3

Table legend: (Time is in decaauts)
 A = Elapsed time spent in this place.
 B = Non-inter-level travel time spent in this place.
 C = Inter-level travel time spent in this place.
 D = Time resting spent in this place.
 E = Time spent auto-exploring this place.
 F = Levels seen in this place.
 G = Mean time per level.
                   A        B        C        D        E       F      G
               +--------+--------+--------+--------+--------+-----+--------+
         Total |   1367 |   1367 |      0 |    745 |      0 |   1 | 1367.0 |
       Dungeon |   1367 |   1367 |      0 |    745 |      0 |   1 | 1367.0 |
               +--------+--------+--------+--------+--------+-----+--------+

Top non-repeatable levels by time:
       D: 1367 daAuts
